 Dungeon Crawl Stone Soup version 0.23.0-33-g5e6c059 (webtiles) character file.

Game seed: 10558984651584124914

116 Kairos the Skirmisher (level 5, -6/42 HPs)
             Began as a Formicid Abyssal Knight on Feb 26, 2019.
             Was a Believer of Lugonu.
             Mangled by a gnoll
             ... wielding a +0 spear
              (8 damage)
             ... on level 2 of the Dungeon.
             The game lasted 00:04:13 (1450 turns).

Kairos the Skirmisher (Formicid Abyssal Knight)     Turns: 1450, Time: 00:04:14

Health: -6/42      AC:  6    Str: 17    XL:     5   Next: 21%
Magic:  6/6        EV:  7    Int: 12    God:    Lugonu [**....]
Gold:   92         SH: 11    Dex: 10    Spells: 4/4 levels left

rFire    + . .     SeeInvis +   a - +1 spear
rCold    . . .     Gourm    .   g - +0 shield
rNeg     . . .     Faith    .   m - +0 scale mail
rPois    .         Spirit   .   (helmet unavailable)
rElec    .         Reflect  +   (no cloak)
rCorr    .         Harm     .   (no gloves)
MR       .....                  (no boots)
Stlth    ..........             j - +3 amulet of reflection
HPRegen  0.14/turn              q - ring of protection from fire
MPRegen  0.10/turn              (no ring)

@: no status effects
A: permanent stasis, dig shafts and tunnels, four strong arms, antennae 3
a: Dig, Shaft Self, Depart the Abyss, Bend Space, Renounce Religion


You were on level 2 of the Dungeon.
You worshipped Lugonu.
Lugonu was pleased with you.
You were hungry.

You visited 1 branch of the dungeon, and saw 2 of its levels.
You visited the Abyss 1 time.

You collected 92 gold pieces.

Inventory:

Hand Weapons
 a - a +1 spear (weapon)
 n - a +0 hunting sling
Armour
 b - a +0 leather armour
 g - a +0 shield (worn)
 m - a +0 scale mail (worn)
Jewellery
 j - a +3 amulet of reflection (around neck)
 q - a ring of protection from fire (left hand)
Scrolls
 h - 4 scrolls of remove curse {unknown}
 i - 2 scrolls of magic mapping {unknown}
Potions
 d - a potion of resistance {unknown}
 e - a potion of haste {unknown}
 f - a potion of lignification {unknown}
 k - a potion of brilliance {unknown}
 l - 3 potions of invisibility {unknown}
 o - a potion of curing {unknown}
Comestibles
 c - a ration


   Skills:
 + Level 4.1 Fighting
 + Level 3.1 Polearms
 + Level 2.5 Armour
 + Level 1.6 Dodging
 + Level 2.2 Shields
 + Level 2.4 Invocations


You had 4 spell levels left.
You didn't know any spells.
Your spell library was empty.

Dungeon Overview and Level Annotations

Branches:
Dungeon (2/15)

Altars:


Innate Abilities, Weirdness & Mutations

You cannot be hasted, slowed, berserked, paralysed or teleported.
You can dig through walls and to a lower floor.
Your four strong arms can wield two-handed weapons with a shield.
You have a pair of large antennae on your head. (SInv)


Message History

You block the gnoll's attack.
You hit the gnoll but do no damage.
The gnoll is moderately wounded.
The gnoll hits you but does no damage.
You hit the gnoll.
The gnoll is heavily wounded.
The gnoll hits you with a +0 spear.
* * * LOW HITPOINT WARNING * * *
You hit the gnoll.
The gnoll is heavily wounded.
The gnoll hits you with a +0 spear.
* * * LOW HITPOINT WARNING * * *
You completely miss the gnoll.
The gnoll is heavily wounded.
The gnoll hits you with a +0 spear.
* * * LOW HITPOINT WARNING * * *
You hit the gnoll.
The gnoll is almost dead.
The gnoll hits you with a +0 spear!
You die...

#.#.#.#g#.######..........#
........{.................#
#.#.#.#.#{#.###############
......)...g.#
#.#.#.#.#.#g######
.............†##.##
#.#.#.#.#.#.##(##)#
###.........#.###.#
############.#@## ##g## ###


You could see a gnoll.

Vanquished Creatures
  3 gnolls (D:2)
  3 adders (D:2)
  2 oozes
  A worm (D:2)
  2 dart slugs
  A leopard gecko (D:1)
  6 bats
  11 goblins
  5 hobgoblins
  4 frilled lizards (D:1)
  4 kobolds
  8 rats
50 creatures vanquished.

Notes
Turn   | Place    | Note
-------+----------+-------------------------------------------
     0 | Abyss:1  | Kairos the Formicid Abyssal Knight began the quest for the
                  | Orb.
     0 | Abyss:1  | Reached XP level 1. HP: 18/18 MP: 2/2
    80 | Abyss:1  | Found a corrupted altar of Lugonu.
   193 | Abyss:1  | Noticed a small abomination
   194 | Abyss:1  | Noticed a quasit
   218 | Abyss:1  | Noticed a small abomination
   224 | Abyss:1  | Noticed a tentacled starspawn
   227 | D:1      | Escaped the Abyss
   355 | D:1      | Reached XP level 2. HP: 21/24 MP: 3/3
   437 | D:1      | Reached * piety under Lugonu
   461 | D:1      | Reached skill level 1 in Dodging
   461 | D:1      | Reached XP level 3. HP: 24/30 MP: 4/4
   479 | D:1      | Reached skill level 4 in Fighting
   844 | D:2      | Reached skill level 1 in Shields
   844 | D:2      | Reached XP level 4. HP: 24/37 MP: 5/5
  1438 | D:2      | Reached ** piety under Lugonu
  1438 | D:2      | Reached XP level 5. HP: 15/42 MP: 6/6
  1449 | D:2      | HP: 2/42 [gnoll/+0 spear (4)]
  1450 | D:2      | Mangled by a gnoll

Skill      XL: |  1  2  3  4 |
---------------+-------------+-----
Dodging        | 1 |  1.6
Fighting       | 4 |  4.1
Shields        | 1 2 |  2.2
Polearms       | 3 |  3.1
Armour         | |  2.5
Invocations    | |  2.4

Action                   |  1- 3 |  4- 6 || total
-------------------------+-------+-------++-------
Melee: Spear             |    91 |   113 ||   204
Invok: Depart the Abyss  |     1 |       ||     1
 Abil: Dig               |     1 |     1 ||     2
  Use: Scroll            |     1 |       ||     1
       Potion            |     1 |       ||     1
  Eat: Chunk             |       |     2 ||     2
Armor: Leather armour    |    12 |       ||    12
       Scale mail        |    19 |    19 ||    38
Dodge: Dodged            |    42 |    19 ||    61
Block: Shield            |    35 |    42 ||    77
       Reflection        |     2 |       ||     2
